 Dungeon Crawl Stone Soup version 0.31-a0-369-g8eba5f6939 (webtiles) character file.

Game seed: 11096250831554841875

153 gelatine the Chopper (level 5, -1/38 HPs)
             Began as a Demonspawn Gladiator on July 28, 2023.
             Killed from afar by Ijyb (2 damage)
             ... with a puff of flame
             ... on level 3 of the Dungeon.
             The game lasted 00:03:20 (1987 turns).

gelatine the Chopper (Demonspawn Gladiator)         Turns: 1987, Time: 00:03:21

Health: -1/38      AC:  7    Str: 16    XL:     5   Next: 12%
Magic:  5/5        EV: 12    Int: 10    God:
Gold:   134        SH:  6    Dex: 14    Spells: 4/4 levels left

rFire   . . .        a - +0 war axe
rCold   . . .        t - +2 buckler
rNeg    . . .        q - +1 robe {Will+}
rPois   .            (helmet restricted)
rElec   .            (no cloak)
rCorr   .            (no gloves)
SInv    .            (no boots)
Will    +....        (no amulet)
Stlth   +            p - +4 ring of protection
HPRegen 0.26/turn    (no ring)
MPRegen 0.09/turn

%: no passive effects
@: no status effects
A: antennae 1, condensation shield, weakness stinger 1
a: no special abilities


You were on level 3 of the Dungeon.
You visited 1 branch of the dungeon, and saw 3 of its levels.

You collected 134 gold pieces.

Inventory:

Hand Weapons
 a - a +0 war axe (weapon)
Missiles
 d - 3 throwing nets
 e - a javelin
 i - 2 datura-tipped darts
 n - 6 boomerangs (quivered)
Armour
 b - a +0 leather armour
 c - a +0 helmet
 q - a +1 robe of willpower (worn)
 t - a +2 buckler (worn)
Jewellery
 p - a +4 ring of protection (left hand)
Scrolls
 f - a scroll of brand weapon {unknown}
 h - 2 scrolls of blinking {unknown}
 j - a scroll of enchant armour {unknown}
 k - a scroll of fear {unknown}
 l - 2 scrolls of identify {unknown}
 s - a scroll of revelation {unknown}
Potions
 g - 2 potions of curing {unknown}
 m - a potion of resistance {unknown}
 o - a potion of heal wounds {unknown}
 r - 2 potions of haste {unknown}


   Skills:
 + Level 2.2 Fighting
 * Level 4.5 Axes
 + Level 1.8 Throwing
 * Level 1.3 Armour
 + Level 3.2 Dodging
 + Level 0.4 Stealth


You had 4 spell levels left.
You didn't know any spells.
Your spell library was empty.

Dungeon Overview and Level Annotations

Branches:
Dungeon (3/15)

Altars:

Annotations:
D:3 Ijyb


Innate Abilities, Weirdness & Mutations

You have a pair of small antennae on your head.
A meltable shield of frost defends you. (SH +0)
You have a small tail.


Message History

You block Ijyb's attack.
You have reached level 5!
Your demonic ancestry asserts itself...
Frost condenses into a shield before you.
You barely miss Ijyb.
Ijyb zaps a wand.
You block the puff of flame.
You hit Ijyb but do no damage. You tail-slap Ijyb.
Ijyb is lightly wounded.
You block Ijyb's attack.
You barely miss Ijyb.
Ijyb is lightly wounded.
You block Ijyb's attack.
Ijyb zaps a wand.
The puff of flame hits you.
Your condensation shield dissipates!
* * * LOW HITPOINT WARNING * * *
You barely miss Ijyb.
Ijyb is lightly wounded.
Ijyb zaps a wand.
The puff of flame misses you.
The frilled lizard hisses angrily.
You hit Ijyb but do no damage. You tail-slap Ijyb, but do no damage.
Ijyb is lightly wounded.
Ijyb zaps a wand.
The puff of flame hits you.
* * * LOW HITPOINT WARNING * * *
Unknown command.
You closely miss Ijyb. You tail-slap Ijyb, but do no damage.
Ijyb is lightly wounded.
Ijyb hits you with a +0 club.
* * * LOW HITPOINT WARNING * * *
Ijyb barely misses you.
You barely miss Ijyb.
Your tail-slap misses Ijyb.
Ijyb is lightly wounded.
You block Ijyb's attack.
You closely miss Ijyb. You tail-slap Ijyb.
Ijyb is moderately wounded.
Ijyb zaps a wand.
The puff of flame hits you but does no damage.
You hit Ijyb.
Ijyb is moderately wounded.
Ijyb hits you with a +0 club.
* * * LOW HITPOINT WARNING * * *
Ijyb zaps a wand.
The puff of flame hits you.
You die...

#l# #.#.......
....###.#.....##
#.#.....#......
....##.$#....(.
###.#..........
.....#.........
###.##.#.......
#.#####..........#
#....@gl####....##
######### ....#
#...... #.#.#
#.###### ....# # .


You could see Ijyb and a frilled lizard.

Vanquished Creatures
  A scorpion (D:3)
  Terence (D:3)
  A gnoll (D:1)
  An adder (D:2)
  4 dart slugs (D:1)
  An orc (D:3)
  2 bats (D:2)
  2 endoplasms
  2 giant cockroaches
  8 hobgoblins
  A quokka (D:1)
  6 ball pythons
  4 frilled lizards
  2 goblins (D:1)
  6 kobolds
  3 rats (D:2)
45 creatures vanquished.

Notes
Turn   | Place    | Note
-------+----------+-------------------------------------------
     0 | D:1      | gelatine the Demonspawn Gladiator began the quest for the
                  | Orb.
     0 | D:1      | Reached XP level 1. HP: 16/16 MP: 1/1
    69 | D:1      | Reached skill level 3 in Axes
    69 | D:1      | Discovered your monstrous ancestry.
    69 | D:1      | Gained mutation: You have a pair of small antennae on your
                  | head. [demonic ancestry]
    69 | D:1      | Reached XP level 2. HP: 21/22 MP: 2/2
   296 | D:1      | Gained mutation: You have a small tail. [demonic ancestry]
   296 | D:1      | Reached XP level 3. HP: 25/27 MP: 3/3
  1761 | D:3      | Noticed a scorpion
  1771 | D:3      | Killed a scorpion
  1772 | D:3      | Reached skill level 4 in Axes
  1772 | D:3      | Reached skill level 1 in Armour
  1772 | D:3      | Reached XP level 4. HP: 26/33 MP: 4/4
  1952 | D:3      | Noticed Terence
  1957 | D:3      | Noticed Ijyb
  1978 | D:3      | Killed Terence
  1979 | D:3      | Gained mutation: A meltable shield of frost defends you.
                  | (SH +0) [demonic ancestry]
  1979 | D:3      | Reached XP level 5. HP: 13/38 MP: 5/5
  1987 | D:3      | HP: 1/38 [Ijyb/+0 club (4)]
  1987 | D:3      | Killed from afar by Ijyb

Illustrated notes

Levels and vault maps discovered:
D:1:      eino_arrival_water_star, layout_basic
D:2:      layout_basic
D:3:      minmay_inner_zag, layout_loops_cross, serial_co_window_serial,
          co_window_corner_a, co_window_paths_a, co_window_paths_a,
          co_window_of_opportunity_a, co_window_of_opportunity_a,
          co_window_paths_b, co_window_paths_b, co_window_paths_c,
          co_window_corner_b, co_window_corner_b, co_window_unsneaky_path_e,
          glass_columns_a, glass_columns_a, glass_columns_a, glass_columns_a,
          glass_columns_a, uniq_ijyb, uniq_terence

Skill      XL: |  1  2  3 |
---------------+----------+-----
Axes           | 3 4 |  4.5
Dodging        | 3 |  3.2
Armour         | 1 |  1.3
Fighting       | |  2.2
Throwing       | |  1.8
Stealth        | |  0.4

Action                     |  1- 3 |  4- 6 || total
---------------------------+-------+-------++-------
  Melee: War axe           |    84 |    37 ||   121
         Tailslap          |     5 |    11 ||    16
         Punch             |     1 |       ||     1
   Stab: Sleeping          |     2 |       ||     2
 Armour: Leather armour    |    21 |       ||    21
         Robe              |     8 |     7 ||    15
  Dodge: Dodged            |    45 |    21 ||    66
  Block: Buckler           |       |     7 ||     7

Table legend: (Time is in decaauts)
 A = Elapsed time spent in this place.
 B = Non-inter-level travel time spent in this place.
 C = Inter-level travel time spent in this place.
 D = Time resting spent in this place.
 E = Time spent auto-exploring this place.
 F = Levels seen in this place.
 G = Mean time per level.
                   A        B        C        D        E       F      G
               +--------+--------+--------+--------+--------+-----+--------+
         Total |   2025 |   1950 |     75 |      0 |   1542 |   3 |  675.0 |
       Dungeon |   2025 |   1950 |     75 |      0 |   1542 |   3 |  675.0 |
               +--------+--------+--------+--------+--------+-----+--------+

Top non-repeatable levels by time:
     D:1: 953 daAuts
     D:2: 834 daAuts
     D:3: 238 daAuts
